 Dungeon Crawl Stone Soup version 0.21.1-1-g345015f (webtiles) character file.

2389 Kagorn the Fighter (level 9, -2/59 HPs)
             Began as a Gargoyle Fighter on June 11, 2018.
             Was a Priest of Makhleb.
             Slain by a sixfirhy (7 damage)
             ... on level 7 of the Dungeon.
             The game lasted 00:43:52 (5415 turns).

Kagorn the Fighter (Gargoyle Fighter)               Turns: 5415, Time: 00:43:53

Health: -2/59      AC: 29    Str: 20    XL:     9   Next: 46%
Magic:  9/9        EV:  6    Int:  9    God:    Makhleb [***...]
Gold:   336        SH: 10    Dex: 12    Spells: 8/8 levels left

rFire    . . .     SeeInvis .   q - +2 short sword (protect)
rCold    . . .     Gourm    .   c - +0 shield
rNeg     + + .     Faith    .   m - +0 plate armour
rPois    ∞         Spirit   .   s - +0 helmet
rElec    +         Reflect  .   o - +2 cloak {+Inv}
rCorr    .         Harm     .   (no gloves)
MR       .....                  (no boots)
Stlth    ..........             (no amulet)
HPRegen  0.19/turn              a - ring of positive energy
MPRegen  0.11/turn              C - +6 ring of protection

@: about to teleport, hasted, very quick
A: negative energy resistance 1, electricity resistance, unbreathing,
petrification resistance, rot immunity, AC +6
a: Minor Destruction, Lesser Servant of Makhleb, Renounce Religion, Evoke
Invisibility


You were on level 7 of the Dungeon.
You worshipped Makhleb.
Makhleb was most pleased with you.
You were not hungry.

You visited 1 branch of the dungeon, and saw 7 of its levels.

You collected 336 gold pieces.

Inventory:

Hand Weapons
 b - a +0 dagger of flaming
 d - a +2 war axe of flaming
 e - a +3 hand axe of freezing
 q - a +2 short sword of protection (weapon)
Armour
 c - a +0 shield (worn)
 l - a scarf of resistance
 m - a +0 plate armour (worn)
 o - a +2 cloak of invisibility (worn)
 s - a +0 helmet (worn)
Jewellery
 a - a ring of positive energy (left hand)
 C - a +6 ring of protection (right hand)
Wands
 y - a wand of polymorph (19)
Scrolls
 h - a scroll of enchant armour
 i - 2 scrolls of identify
 j - 2 scrolls of immolation
 k - 4 scrolls of remove curse
 n - a scroll of teleportation
 r - a scroll of fog {unknown}
 v - a scroll of random uselessness {unknown}
Potions
 g - 2 potions of brilliance
Comestibles
 f - 7 rations


   Skills:
 * Level 8.0 Fighting
 * Level 5.8(6.0) Axes
   Level 2.1(4.6) Maces & Flails
 + Level 6.1 Armour
 + Level 3.6 Dodging
 + Level 6.0 Shields


You had 8 spell levels left.
You didn't know any spells.

Dungeon Overview and Level Annotations

Branches:
Dungeon (7/15)             Temple (0/1) D:5

Altars:
Ashenzari
Elyvilon
Gozag
Kikubaaqudgha
Makhleb
Okawaru
Ru
Trog
Wu Jian
Zin


Innate Abilities, Weirdness & Mutations

You are resistant to torment.
Your stone body is resilient. (AC +6)
You are immune to poison.
You resist negative energy. (rN+)
You are resistant to electric shocks. (rElec)
You can survive without breathing.
You are immune to petrification.
You are immune to rotting.


Message History

The sixfirhy shocks you. You resist.
* * * LOW HITPOINT WARNING * * *
You feel better. The sixfirhy barely misses you.
You block the sixfirhy's attack.
The sixfirhy hits you but does no damage.
As you read the scroll of teleportation, it crumbles to dust.
You feel strangely unstable.
The sixfirhy hits you but does no damage.
The sixfirhy hits you.
* * * LOW HITPOINT WARNING * * *
The sixfirhy shocks you. You resist.
* * * LOW HITPOINT WARNING * * *
You closely miss the sixfirhy.
The sixfirhy is lightly wounded.
You miss the sixfirhy.
The sixfirhy is lightly wounded.
Your shield and plate armour prevent you from hitting the sixfirhy.
The sixfirhy is lightly wounded.
The sixfirhy barely misses you. The sixfirhy hits you!
You die...

# # .# # .# # .# # .# #
######.# #......#
##.###..# # #..#$3@.# ##
#..###..# .##
###.......# ..#
#...............
..#######.#######......#
..........# +..#...
..########....... .## ..
...# .....## .# . ≈..#
.....# ..


You could see a sixfirhy.

Vanquished Creatures
  The ghost of inc the Geomancer, a novice OpEE of Gozag (D:6)
  Sigmund (D:3)
  2 orc warriors (D:6)
  A sky beast (D:6)
  A black bear (D:6)
  The ghost of wilfster70 the Insei, an amateur GnTm (D:3)
  3 ogres
  2 centaurs
  An electric eel (D:7)
  A lava snake (D:7)
  2 crimson imps
  A jelly (D:5)
  A centaur zombie (D:7)
  A bullfrog skeleton (D:3)
  2 hounds
  A centaur skeleton (D:4)
  2 orc priests
  7 orc wizards
  Crazy Yiuf (D:5)
  An iguana (D:4)
  Terence (D:3)
  4 worker ants
  4 gnolls (D:4)
  9 adders
  3 oozes
  An adder skeleton (D:5)
  2 worms
  3 dart slugs
  2 leopard geckos
  17 orcs
  12 bats
  6 giant cockroaches
  7 goblins
  9 hobgoblins
  16 jackals
  3 quokkas
  6 frilled lizards
  9 kobolds
  10 rats
157 creatures vanquished.

Vanquished Creatures (others)
  An orc wizard (D:4)
1 creature vanquished.

Grand Total: 158 creatures vanquished

Notes
Turn   | Place    | Note
-------+----------+-------------------------------------------
     0 | D:1      | Kagorn the Gargoyle Fighter began the quest for the Orb.
     0 | D:1      | Reached XP level 1. HP: 14/14 MP: 1/1
    38 | D:1      | Reached XP level 2. HP: 17/19 MP: 2/2
   351 | D:1      | Reached XP level 3. HP: 23/23 MP: 3/3
  1042 | D:2      | Found an iron altar of Okawaru.
  1054 | D:2      | Reached skill level 1 in Axes
  1059 | D:2      | Found an ornate altar of the Wu Jian Council.
  1071 | D:2      | Found a shattered altar of Ashenzari.
  1090 | D:2      | Found a burning altar of Makhleb.
  1094 | D:2      | Became a worshipper of Makhleb the Destroyer
  1240 | D:2      | Reached XP level 4. HP: 29/29 MP: 4/4
  1557 | D:3      | Noticed wilfster70's ghost (amateur GnTm)
  1952 | D:3      | Found an iron altar of Okawaru.
  1984 | D:3      | Reached skill level 1 in Dodging
  2014 | D:3      | Reached skill level 4 in Fighting
  2086 | D:3      | Found a white marble altar of Elyvilon.
  2131 | D:3      | Noticed Sigmund
  2139 | D:3      | Killed Sigmund
  2139 | D:3      | Reached XP level 5. HP: 34/34 MP: 5/5
  2139 | D:3      | Reached XP level 6. HP: 39/39 MP: 6/6
  2184 | D:3      | Reached * piety under Makhleb
  2231 | D:3      | Found a bloodstained altar of Trog.
  2252 | D:3      | Noticed Terence
  2257 | D:3      | Killed Terence
  2337 | D:3      | Killed wilfster70's ghost
  2337 | D:3      | Reached skill level 5 in Fighting
  2432 | D:3      | Reached XP level 7. HP: 28/44 MP: 7/7
  2736 | D:4      | Reached ** piety under Makhleb
  2934 | D:4      | Found a sacrificial altar of Ru.
  3333 | D:4      | Reached skill level 6 in Fighting
  3428 | D:4      | Reached XP level 8. HP: 51/51 MP: 8/8
  3462 | D:5      | Entered Level 5 of the Dungeon
  3474 | D:5      | Found a staircase to the Ecumenical Temple.
  3603 | D:5      | Reached skill level 5 in Armour
  3751 | D:5      | Reached skill level 5 in Shields
  3768 | D:5      | Found a shattered altar of Ashenzari.
  3788 | D:5      | Found an ancient bone altar of Kikubaaqudgha.
  3803 | D:5      | Found a glowing silver altar of Zin.
  4023 | D:5      | Found a runed door.
  4027 | D:5      | Noticed Crazy Yiuf
  4034 | D:5      | Killed Crazy Yiuf
  4139 | D:6      | Noticed inc's ghost (novice OpEE)
  4156 | D:6      | Killed inc's ghost
  4156 | D:6      | Reached skill level 7 in Fighting
  4255 | D:6      | Reached skill level 5 in Axes
  4276 | D:6      | Reached XP level 9. HP: 47/57 MP: 9/9
  4404 | D:6      | Found an opulent altar of Gozag.
  4804 | D:6      | Reached *** piety under Makhleb
  5194 | D:7      | Reached skill level 8 in Fighting
  5324 | D:7      | Noticed a sixfirhy
  5325 | D:7      | Found a runed door.
  5415 | D:7      | Slain by a sixfirhy

Skill      XL: |  1  2  3  4  5  6  7  8  9 |
---------------+----------------------------+-----
Axes           | 1 2 3 5 |  5.8
Dodging        | 1 2 3 |  3.6
Fighting       | 4 5 6 7 8 |  8.0
Armour         | 4 5 6 |  6.1
Shields        | 4 5 6 |  6.0
Maces & Flails | |  2.1

Action                   |  1- 3 |  4- 6 |  7- 9 || total
-------------------------+-------+-------+-------++-------
Melee: Flail             |    34 |       |       ||    34
       Hand axe          |    89 |   114 |   200 ||   403
       Short sword       |       |       |   254 ||   254
       War axe           |       |       |    17 ||    17
  Use: Potion            |       |     3 |     9 ||    12
       Scroll            |       |     6 |     7 ||    13
  Eat: Ration            |     1 |     1 |     3 ||     5
Armor: Scale mail        |    72 |    47 |   122 ||   241
       Plate armour      |       |       |   250 ||   250
Dodge: Dodged            |    46 |    42 |   131 ||   219
Block: Shield            |    68 |    52 |   266 ||   386
